 Dungeon Crawl Stone Soup version 0.22-a0-396-g3f858e3 (webtiles) character file.

123 Borgoz the Cudgeler (level 5, 0/32 HPs)
             Began as a Gargoyle Gladiator on May 3, 2018.
             Slain by an orc wizard
             ... wielding a +0 dagger
              (3 damage)
             ... on level 4 of the Dungeon.
             The game lasted 00:04:45 (2773 turns).

Borgoz the Cudgeler (Gargoyle Gladiator)            Turns: 2773, Time: 00:04:46

Health: 0/32       AC: 10    Str: 17    XL:     5   Next: 7%
Magic:  5/5        EV: 17    Int:  9    God:
Gold:   184        SH:  0    Dex: 17    Spells: 4/4 levels left

rFire    . . .     SeeInvis .   a - +0 flail
rCold    + . .     Gourm    .   (no shield)
rNeg     + . .     Faith    .   m - +0 ring mail {rC+}
rPois    ∞         Spirit   .   c - +0 helmet
rElec    +         Reflect  .   (no cloak)
rCorr    .         Harm     .   (no gloves)
MR       .....     Rnd*Tele +   (no boots)
Stlth    ++........             (no amulet)
HPRegen  0.10/turn              n - ring of teleportation (curse)
MPRegen  0.09/turn              (no ring)

@: agile
A: negative energy resistance 1, electricity resistance, unbreathing,
petrification resistance, rot immunity, AC +4
a: no special abilities


You were on level 4 of the Dungeon.
You were very hungry.

You visited 1 branch of the dungeon, and saw 4 of its levels.

You collected 184 gold pieces.

Inventory:

Hand Weapons
 a - a +0 flail (weapon)
Missiles
 d - 3 throwing nets (quivered)
Armour
 c - a +0 helmet (worn)
 j - a +0 plate armour
 l - a +0 shield
 m - a +0 ring mail of cold resistance (worn)
Jewellery
 n - a cursed ring of teleportation (left hand)
Wands
 r - a wand of enslavement (13)
Scrolls
 b - 2 scrolls of immolation
 e - a scroll of teleportation
 o - 2 scrolls of enchant weapon
 p - a scroll of amnesia
Potions
 g - a potion of haste
 h - 2 potions of agility
 i - 2 potions of mutation
 k - 2 potions of cancellation {unknown}
 q - a potion of brilliance
Comestibles
 f - 7 rations


   Skills:
 + Level 3.3 Fighting
 + Level 3.8 Maces & Flails
 - Level 1.7 Throwing
 + Level 2.3 Armour
 + Level 3.1 Dodging


You had 4 spell levels left.
You didn't know any spells.

Dungeon Overview and Level Annotations

Branches:
Dungeon (4/15)
 Temple: D:4-7

Altars:


Innate Abilities, Weirdness & Mutations

You are resistant to torment.
Your stone body is resilient. (AC +4)
You are immune to poison.
You resist negative energy. (rN+)
You are resistant to electric shocks. (rElec)
You can survive without breathing.
You are immune to petrification.
You are immune to rotting.


Message History

The orc wizard hits you but does no damage.
You closely miss the orc wizard. The orc wizard misses you.
The orc wizard gestures at you while chanting.
The magic dart hits you!
You thump the orc wizard!
You kill the orc wizard!
You have reached level 5!
You hear some strange, mumbled words.
A puff of flame appears from out of thin air!
Deactivating autopickup; reactivate with Ctrl-A.
The puff of flame hits you!
* * * LOW HITPOINT WARNING * * *
Something hits you.
* * * LOW HITPOINT WARNING * * *
Items here: )) [[ † a dagger; a robe; a dagger; a robe; an orc corpse You barely miss something.
Something barely misses you. Something hits you but does no damage.
You miss something. Something hits you but does no damage. Something hits you.
You die...

###############
#.............#
#.###########.#
####.# #)#
.....# #@#
###### #####{#
#.o..o# #.#####
#.# #o# #.# #{#
#### #.#


You could see an orc.

Vanquished Creatures
  2 orc wizards (D:4)
  2 oozes (D:3)
  2 dart slugs
  2 leopard geckos
  An orc (D:4)
  5 bats
  2 giant cockroaches (D:2)
  7 goblins
  5 hobgoblins
  7 jackals
  3 kobolds
  3 quokkas
  2 ball pythons (D:3)
  3 frilled lizards
  8 rats
54 creatures vanquished.

Notes
Turn   | Place    | Note
-------+----------+-------------------------------------------
     0 | D:1      | Borgoz the Gargoyle Gladiator began the quest for the Orb.
     0 | D:1      | Reached XP level 1. HP: 12/12 MP: 1/1
   271 | D:1      | Reached XP level 2. HP: 18/18 MP: 2/2
   789 | D:1      | Reached skill level 1 in Armour
  1091 | D:2      | Reached XP level 3. HP: 22/22 MP: 3/3
  2330 | D:3      | Reached XP level 4. HP: 27/27 MP: 4/4
  2770 | D:4      | Reached XP level 5. HP: 9/32 MP: 5/5
  2773 | D:4      | Slain by an orc wizard

Vault maps used:
D:1:      matt_arrival_los_fun, serial_glass, glass_columns_c, glass_columns_b,
          minmay_misc_feat_nine_boxes, serial_bayou_pond_e,
          serial_bayou_crossing
D:2:      first_ration
D:3:      portal_sewer_entry_e
D:4:      minmay_temple_entry_glassed_door, nicolae_tso_carved_into_rock

Skill      XL: |  1  2  3  4 |
---------------+-------------+-----
Armour         | 1 2 |  2.3
Fighting       | 3 |  3.3
Dodging        | 3 |  3.1
Maces & Flails | |  3.8
Throwing       | |  1.7

Action                   |  1- 3 |  4- 6 || total
-------------------------+-------+-------++-------
Melee: Flail             |   137 |    45 ||   182
  Use: Scroll            |     8 |       ||     8
       Potion            |       |     1 ||     1
  Eat: Chunk             |     4 |     1 ||     5
Armor: Leather armour    |     9 |       ||     9
       Plate armour      |    17 |       ||    17
       Ring mail         |    46 |    21 ||    67
Dodge: Dodged            |    81 |    38 ||   119

Table legend:
 A = Spawn XP
 B = Non-spawn XP
 C = Spawn XP percentage of total XP
 D = Spawn monster count
 E = Non-spawn monster count
 F = Spawn count percentage of total count
 G = Total turns spent on level
                    A         B        C        D         E        F      G
               +---------+---------+-------+---------+---------+-------+---------
         Total |       0 |     177 |   0.0 |       0 |      54 |   0.0 |  2773
               +---------+---------+-------+---------+---------+-------+---------
           D:1 |       0 |      24 |   0.0 |       0 |      14 |   0.0 |   996
           D:2 |       0 |      32 |   0.0 |       0 |      16 |   0.0 |   861
           D:3 |       0 |      46 |   0.0 |       0 |      21 |   0.0 |   719
           D:4 |       0 |      75 |   0.0 |       0 |       3 |   0.0 |   197
               +---------+---------+-------+---------+---------+-------+---------
